[Event "Aktivschachturnier (30 Sek. pro Zug)"]
[Site "Wuppertal"]
[Date "2007.??.??"]
[Round "?"]
[White "MM V, Mephisto"]
[Black "Amsterdam, Mephisto"]
[Result "1-0"]
[ECO "C93"]
[WhiteElo "1974"]
[BlackElo "1927"]
[Annotator "Jaeger,Thomas"]
[PlyCount "109"]
[EventDate "2007.??.??"]
[TimeControl "120+1"]

{32MB, book.ctg, ANJATHOMAS} 1. e4 e5 2. Nf3 Nc6 3. Bb5 a6 4. Ba4 Nf6 5. O-O
Be7 6. Re1 b5 7. Bb3 O-O 8. c3 d6 9. h3 {letzter Buchzug} h6 10. d4 Re8 {
letzter Buchzug} 11. a4 Bd7 12. axb5 axb5 13. Rxa8 Qxa8 14. Nbd2 exd4 15. cxd4
Nb4 16. Re3 Qa7 17. Nf1 Ra8 18. Bd2 Nc6 19. Bc3 {e5!} b4 20. Be1 Qb7 21. Ng3
Qb5 22. d5 Ne5 23. Nd4 Qc5 24. Nc2 Rb8 25. Qd2 c6 26. Nxb4 Ra8 27. f4 Ng6 28.
dxc6 Bxc6 29. Nxc6 Qxc6 30. Nf5 Kf8 31. Bd5 Nxd5 32. exd5 Qc8 33. Nxe7 Nxe7 34.
Qb4 {der Vorteil vom MMV ist merklich kleiner geworden} Qc7 35. Rc3 Qd8 36. Rd3
Qc7 37. Kh2 Qc2 38. Ra3 Rd8 39. Qb6 Re8 40. Qxd6 Qxb2 41. Bb4 Qe2 42. Qxe7+ {
!? Gluck gehabt - errechnen konnte das der MMV nicht!} Qxe7 43. Bxe7+ Kxe7 44.
Re3+ Kd7 45. Rxe8 Kxe8 46. Kg3 Ke7 47. Kf3 f5 48. Ke3 Kd7 49. Kd4 Kd6 50. h4 h5
51. Kc4 Kd7 52. Kc5 Kc7 53. d6+ Kd7 54. Kd5 Kd8 55. Ke6 1-0

[Event "Aktivschachturnier (30 Sek. pro Zug)"]
[Site "Wuppertal"]
[Date "2007.??.??"]
[Round "?"]
[White "Amsterdam, Mephisto"]
[Black "MM V, Mephisto"]
[Result "0-1"]
[ECO "C54"]
[WhiteElo "1927"]
[BlackElo "1974"]
[Annotator "Jaeger,Thomas"]
[PlyCount "132"]
[EventDate "2007.??.??"]
[TimeControl "120+1"]

{32MB, book.ctg, ANJATHOMAS} 1. e4 e5 2. Nf3 Nc6 3. Bc4 Bc5 4. c3 Nf6 5. d4
exd4 6. cxd4 Bb4+ 7. Bd2 Bxd2+ 8. Nbxd2 d5 9. exd5 Nxd5 10. Qb3 Na5 11. Qa4+
Nc6 12. Qb3 {letzter Buchzug} Na5 13. Qa4+ Nc6 {letzter Buchzug} 14. O-O O-O
15. Qc2 Ndb4 16. Qb3 a5 17. a3 a4 18. Qc3 Nd5 19. Qc2 Nb6 20. Bd3 f5 21. Bc4+
Kh8 22. Rfe1 Nxd4 23. Qd3 Nxc4 24. Qxc4 Nc6 25. Rac1 f4 26. Rc3 Bg4 27. Re2 Bh5
28. Re4 Bxf3 29. Nxf3 Qf6 30. Nd2 Qd6 {Tad8!} 31. Rc2 {Sf3} Rf5 32. Nf3 Ne5 33.
Qe2 Nxf3+ 34. Qxf3 Rd8 35. Re1 Re5 36. Rf1 Rb5 37. Qe4 Ra8 38. Re1 g5 39. Qe7
Rd8 40. h3 c6 41. Qxd6 Rxd6 42. Re8+ Kg7 43. f3 Kf6 44. Re4 Rd3 45. Kf2 Rdb3
46. Ree2 h5 47. Rcd2 Kf5 48. Rc2 Re5 49. Red2 c5 50. Rd7 b5 51. Rf7+ Ke6 52.
Rh7 h4 53. Rh6+ Kf5 54. Rh8 Rd3 55. Rf8+ Kg6 56. Rg8+ Kf6 57. Rf8+ Ke7 58. Rg8
Kd7 59. Rg6 Kc7 60. Re2 Rxe2+ 61. Kxe2 Rb3 62. Kf1 Rxb2 63. Rxg5 c4 64. Rg4 c3
65. Ke1 Rb1+ 66. Ke2 c2 0-1

[Event "Aktivschachturnier (30 Sek. pro Zug)"]
[Site "Wuppertal"]
[Date "2007.??.??"]
[Round "?"]
[White "Amsterdam, Mephisto"]
[Black "Excel 68000, Fidelity"]
[Result "1-0"]
[ECO "D19"]
[WhiteElo "1927"]
[BlackElo "1858"]
[Annotator "Jaeger,Thomas"]
[PlyCount "97"]
[EventDate "2007.??.??"]
[TimeControl "120+1"]

{32MB, book.ctg, ANJATHOMAS} 1. Nf3 d5 2. d4 Nf6 3. c4 c6 4. Nc3 dxc4 5. a4 Bf5
6. e3 e6 7. Bxc4 Bb4 8. O-O O-O 9. Qe2 {letzter Buchzug} Nbd7 10. e4 Bg6 11.
Bd3 Bh5 12. e5 Nd5 13. Nxd5 cxd5 {letzter Buchzug} 14. Bf4 f6 15. Qe3 Bxf3 16.
gxf3 fxe5 17. Bxe5 Qb6 18. Bf4 Rac8 19. Rfc1 a5 20. Bb5 Nf6 21. Be5 Kh8 22. Qd3
Rg8 23. Rc2 Nh5 24. Rac1 Rxc2 25. Qxc2 Nf6 26. Qc7 Qa7 27. Qf7 Rf8 28. Qxe6 Rg8
29. Qf7 Bd2 30. Rc7 Qb6 31. Rxb7 Qd8 32. Rb8 Qxb8 33. Bxb8 Rxb8 34. Qc7 Rf8 35.
Bd3 Kg8 36. Kg2 Bb4 37. Qc6 g6 38. f4 Kg7 39. f5 Re8 40. fxg6 hxg6 41. h4 Kf7
42. Qc2 Rg8 43. Qc7+ Ke6 44. Kh3 Nd7 45. f4 Rg7 46. Be2 Kf6 47. Bg4 Nf8 48.
Qe5+ Kf7 49. Bf3 1-0

[Event "Aktivschachturnier (30 Sek. pro Zug)"]
[Site "Wuppertal"]
[Date "2007.??.??"]
[Round "?"]
[White "Excel 68000, Fidelity"]
[Black "Amsterdam, Mephisto"]
[Result "0-1"]
[ECO "D30"]
[WhiteElo "1858"]
[BlackElo "1927"]
[Annotator "Jaeger,Thomas"]
[PlyCount "142"]
[EventDate "2007.??.??"]
[TimeControl "120+1"]

{32MB, book.ctg, ANJATHOMAS} 1. d4 d5 2. c4 c6 3. Nf3 e6 {letzter Buchzug} 4.
Qc2 Nf6 5. g3 {letzter Buchzug} Be7 6. Bf4 Na6 7. c5 O-O 8. Bg2 Ne4 9. O-O b6
10. Ne5 Nb4 11. Qa4 f6 12. Nxc6 Nxc6 13. Qxc6 Bd7 14. Qb7 Qc8 15. Qxc8 Rfxc8
16. cxb6 axb6 17. f3 Nd6 18. Nc3 Nb5 19. Nxb5 Bxb5 20. Rf2 g5 21. Bc1 Rc2 22.
e4 Rxf2 23. Kxf2 Rc8 24. Kg1 {besser ed nebst f4} dxe4 25. fxe4 Rc2 26. b3 Kg7
27. a4 {Le3!} Bd3 28. Bf3 Be2 29. Bh1 Kg6 30. Bg2 Bd3 31. Bf3 h5 32. Ba3 Bxa3
33. Rxa3 g4 34. Bg2 Re2 35. d5 Bxe4 {will mehr als remis mit Te1 Te2 usw} 36.
Bf1 Re3 37. d6 {?! de6 ist besser} Re1 38. b4 Rd1 39. a5 bxa5 40. bxa5 Rxd6 41.
a6 Rd1 42. Kf2 e5 43. Be2 Rh1 44. Ke3 Rxh2 {?!} 45. Bxg4 f5 46. Bf3 Bxf3 47.
Kxf3 e4+ 48. Ke3 Rg2 49. Kd4 {besser Ta1 nebst Kf2} Rd2+ 50. Ke5 {
?! Kc5 ein Gewinnversuch} e3 51. a7 e2 52. Re3 Ra2 53. Kd5 {? wo will er hin?}
Rxa7 54. Rxe2 Ra3 55. Rg2 Kg5 56. Ke6 Re3+ 57. Kf7 Rd3 58. Ke6 Rc3 59. Rg1 Re3+
60. Kf7 Rd3 61. Ke6 Rc3 62. Kf7 {trauriges Geschiebe} Rb3 63. Ke7 Ra3 64. Kf7
Rf3 65. Kg7 Rd3 66. Kf7 Ra3 67. Ke7 Kg4 {endlich!} 68. Kf6 Rxg3 69. Ra1 f4 70.
Ra7 f3 71. Ra2 Rg1 0-1

[Event "Aktivschachturnier (30 Sek. pro Zug)"]
[Site "Wuppertal"]
[Date "2007.??.??"]
[Round "?"]
[White "Kishon Chesster, Fidelity"]
[Black "Amsterdam, Mephisto"]
[Result "1-0"]
[ECO "D31"]
[WhiteElo "1781"]
[BlackElo "1927"]
[Annotator "Jaeger,Thomas"]
[PlyCount "85"]
[EventDate "2007.??.??"]
[TimeControl "120+1"]

{32MB, book.ctg, ANJATHOMAS} 1. d4 d5 2. c4 e6 3. Nc3 c6 4. e4 dxe4 5. Nxe4
Bb4+ 6. Bd2 Qxd4 7. Bxb4 Qxe4+ 8. Be2 c5 9. Bxc5 Qxg2 10. Qd4 Nd7 11. Bf3 Qg5
12. Bb4 Qe5+ {letzter Buchzug} 13. Ne2 Qxd4 14. Nxd4 Ne5 15. O-O-O {
letzter Buchzug} a5 16. Bc5 Bd7 17. Bxb7 Rb8 18. Ba6 Nf6 19. Nb5 Bxb5 20. Bxb5+
Ned7 21. Bd4 Ke7 22. Bxd7 Nxd7 23. Bxg7 Rhc8 24. b3 a4 25. Kc2 Nc5 26. Be5 Rb6
27. Bd4 Rb7 28. Rb1 axb3+ 29. axb3 Ne4 30. Kd3 Nc5+ 31. Bxc5+ Rxc5 32. b4 Rd7+
33. Kc3 Rf5 34. Rhf1 {vielleicht war das B-opfer b5 besser - jetzt werden die
schwarzen Turme sehr aktiv} Rf3+ 35. Kc2 Rd4 36. c5 Rdf4 {Tff4!} 37. Rb2 Rh3 {
?!} 38. Kb1 {!} Rxh2 39. b5 Rfh4 {seltsamer Zug} 40. b6 Rh1 41. Rxh1 Rxh1+ 42.
Ka2 Rd1 43. b7 1-0

[Event "Aktivschachturnier (30 Sek. pro Zug)"]
[Site "Wuppertal"]
[Date "2007.??.??"]
[Round "?"]
[White "Amsterdam, Mephisto"]
[Black "Kishon Chesster, Fidelity"]
[Result "1-0"]
[ECO "E27"]
[WhiteElo "1927"]
[BlackElo "1781"]
[Annotator "Jaeger,Thomas"]
[PlyCount "109"]
[EventDate "2007.??.??"]
[TimeControl "120+1"]

{32MB, book.ctg, ANJATHOMAS} 1. d4 Nf6 2. c4 e6 3. Nc3 Bb4 4. a3 Bxc3+ 5. bxc3
O-O 6. f3 d5 7. cxd5 exd5 8. e3 {letzter Buchzug} Nh5 {letzter Buchzug} 9. Ne2
Nc6 10. Bd2 Be6 11. g3 Bf5 12. Bg2 Nf6 13. g4 Bd3 14. Nf4 Bc4 15. g5 Nd7 16. h4
Nb6 17. Qc2 Qd6 18. Bh3 Rfe8 19. Kf2 a5 20. h5 Ne7 21. Bg4 {Tag1 oder g6} a4
22. h6 g6 23. e4 dxe4 24. fxe4 Bb3 25. Qd3 Nc6 26. Rhe1 Nc4 27. Bc1 N4a5 28. e5
Qd8 29. Qh3 Bc4 30. Bd7 Rf8 31. Qg4 Nb3 32. Bxc6 {
Unglaublich wie der Amsterdam die Partie spielt} Nxa1 33. Bxb7 Rb8 34. Be4 Qe7
35. Rg1 Nb3 36. Bd5 Nxc1 37. Bxc4 Qxa3 38. Qf3 Rb2+ 39. Kg3 Nb3 40. e6 {Sg6!}
fxe6 41. Re1 Nd2 42. Bxe6+ Kh8 43. Qe3 Qd6 44. d5 Nb3 45. Rf1 Ra8 46. c4 Rc2
47. Qd3 Rd2 48. Qe3 Ra5 {
?? wirft die Partie weg, dabei sah es lange nach einem schwarzen Sieg aus!} 49.
Bc8 Rd3 50. Qxd3 Qe5 51. Qe2 Rxd5 52. cxd5 Qxg5+ 53. Bg4 Qh4+ 54. Kxh4 g5+ 55.
Kxg5 1-0

[Event "Aktivschachturnier (30 Sek. pro Zug)"]
[Site "Wuppertal"]
[Date "2007.??.??"]
[Round "?"]
[White "Amsterdam, Mephisto"]
[Black "Citrine, Novag"]
[Result "1/2-1/2"]
[ECO "B03"]
[WhiteElo "1927"]
[BlackElo "1990"]
[Annotator "Jaeger,Thomas"]
[PlyCount "70"]
[EventDate "2007.??.??"]
[TimeControl "120+1"]

{32MB, book.ctg, ANJATHOMAS} 1. e4 Nf6 2. e5 Nd5 3. d4 d6 {letzter Buchzug} 4.
c4 Nb6 5. exd6 exd6 6. Nc3 Be7 7. Bd3 {letzter Buchzug} Nc6 8. Nf3 Bg4 9. h3
Bh5 10. Be3 O-O 11. O-O Nb4 12. Bf4 c5 13. dxc5 Nxd3 14. Qxd3 dxc5 15. Qe4 Re8
16. Qxb7 Nxc4 17. b3 Bf6 18. Rad1 Qb6 19. Qd5 Bxc3 20. Qxh5 Nb2 21. Rd7 Qe6 22.
Qd5 Qxd5 23. Rxd5 c4 24. Rc1 Bf6 25. Rd7 (25. bxc4 Re4 26. Be5 Nxc4 27. Bxf6
gxf6 28. Nd4) 25... cxb3 26. axb3 Rad8 27. Rcc7 Nd3 28. Be3 a6 29. Kf1 {
sieht jetzt erst, dass Tf7 nicht geht!} Rxd7 30. Rxd7 Ne5 31. Nxe5 Bxe5 32. Ra7
Rb8 33. Rxa6 {f4!} Rxb3 34. Ra8+ Rb8 35. Rxb8+ Bxb8 {
Der A`dam machte es am Ende dem Citrine sehr leicht} 1/2-1/2

[Event "Aktivschachturnier (30 Sek. pro Zug)"]
[Site "Wuppertal"]
[Date "2007.??.??"]
[Round "?"]
[White "Citrine, Novag"]
[Black "Amsterdam, Mephisto"]
[Result "1-0"]
[ECO "D55"]
[WhiteElo "1990"]
[BlackElo "1927"]
[Annotator "Jaeger,Thomas"]
[PlyCount "33"]
[EventDate "2007.??.??"]
[TimeControl "120+1"]

{32MB, book.ctg, ANJATHOMAS} 1. d4 d5 2. c4 e6 3. Nf3 Nf6 4. Nc3 Be7 5. Bg5 O-O
6. e3 {letzter Buchzug} b6 {letzter Buchzug} 7. Be2 Nc6 8. cxd5 exd5 9. Ne5 Bb7
10. Ba6 {taktisch ist der Citrine stark} Na5 11. Bxb7 Nxb7 12. Nc6 Qd6 13.
Nxe7+ Qxe7 14. Nxd5 Qe4 15. Nxf6+ gxf6 16. Bxf6 Qxg2 17. Qf3 1-0

[Event "Aktivschachturnier (30 Sek. pro Zug)"]
[Site "Wuppertal"]
[Date "2007.??.??"]
[Round "?"]
[White "Super Constellation, Novag"]
[Black "Amsterdam, Mephisto"]
[Result "1-0"]
[ECO "C96"]
[WhiteElo "1732"]
[BlackElo "1927"]
[Annotator "Jaeger,Thomas"]
[PlyCount "91"]
[EventDate "2007.??.??"]
[TimeControl "120+1"]

{32MB, book.ctg, ANJATHOMAS} 1. e4 e5 2. Nf3 Nc6 3. Bb5 a6 4. Ba4 Nf6 5. O-O
Be7 6. Re1 b5 7. Bb3 d6 8. c3 O-O 9. h3 Na5 10. Bc2 c5 11. d4 cxd4 12. cxd4 Bb7
{letzter Buchzug} 13. Nc3 {letzter Buchzug} Nd7 14. a3 Nc4 15. b3 Ncb6 16. Bb2
Qc7 17. Rc1 exd4 18. Qxd4 {Sd5} Bf6 19. Qd2 Qc6 20. Bd1 Nc5 21. Nd4 Bxd4 22.
Qxd4 Ne6 23. Qd2 Nc5 24. Bc2 f5 {
Amsterdam ist in Noten - der SuCo kommte allerdings nicht recht weiter} 25. Qd4
Ne6 26. Qd2 Nc5 27. f4 Ne6 28. Red1 Qc5+ 29. Kh1 Rad8 30. exf5 Nc7 31. Be4 Rb8
32. Na4 Nxa4 33. Rxc5 Nxc5 34. Bxb7 Nxb7 35. Bxg7 Rxf5 36. Re1 Re8 37. Rxe8+
Nxe8 38. g4 Rc5 39. Bd4 Rc7 40. f5 Re7 41. Qg5+ Kf7 42. Qh4 Kf8 43. g5 {Le3!}
Na5 44. g6 h5 45. g7+ Nxg7 46. f6 1-0

[Event "Aktivschachturnier (30 Sek. pro Zug)"]
[Site "Wuppertal"]
[Date "2007.??.??"]
[Round "?"]
[White "Amsterdam, Mephisto"]
[Black "Super Constellation, Novag"]
[Result "1-0"]
[ECO "D13"]
[WhiteElo "1927"]
[BlackElo "1732"]
[Annotator "Jaeger,Thomas"]
[PlyCount "80"]
[EventDate "2007.??.??"]
[TimeControl "120+1"]

{32MB, book.ctg, ANJATHOMAS} 1. Nf3 c6 2. d4 d5 3. c4 Nf6 4. cxd5 cxd5 5. Nc3
Nc6 6. Bf4 e6 7. e3 Be7 {letzter Buchzug} 8. Bd3 {letzter Buchzug} O-O 9. O-O
Qb6 10. Qe2 Bd7 11. Rfc1 Rac8 12. a3 Na5 13. Ra2 Nb3 14. Rd1 h6 15. Ne5 Be8 16.
Qf3 Nd7 17. Nxd7 Bxd7 18. Qg3 g5 19. h4 f6 20. hxg5 fxg5 21. Be5 Rf7 22. Bg6
Rf6 23. Bxf6 Bxf6 24. Qf3 {Dh3!} Rf8 25. Qe2 Rc8 26. Bc2 Bg7 27. Qd3 Na5 28.
Qh7+ Kf7 29. Qg6+ Kg8 30. Rf1 Be8 31. Qh7+ Kf8 32. Nxd5 (32. f4 Rc7 33. fxg5+
Rf7 34. Raa1) 32... Qd6 33. Nc3 Nc4 34. Bd3 Qe7 35. Rc1 Bf7 36. Nb5 Bg8 37. Qe4
Nd6 38. Rxc8+ Nxc8 39. Ra1 Nd6 40. Nxd6 Qxd6 1-0

[Event "Aktivschachturnier (30 Sek. pro Zug)"]
[Site "Wuppertal"]
[Date "2007.??.??"]
[Round "?"]
[White "Amsterdam, Mephisto"]
[Black "Centurion, Saitek"]
[Result "1/2-1/2"]
[ECO "A52"]
[WhiteElo "1927"]
[BlackElo "1978"]
[Annotator "Jaeger,Thomas"]
[PlyCount "181"]
[EventDate "2007.??.??"]
[TimeControl "120+1"]

{32MB, book.ctg, ANJATHOMAS} 1. c4 Nf6 2. d4 e5 3. dxe5 Ng4 4. Bf4 Nc6 5. Nf3
Bb4+ 6. Nc3 Qe7 7. Qd5 Bxc3+ 8. bxc3 f6 9. exf6 Nxf6 {letzter Buchzug} 10. Qd3
d6 11. e3 {letzter Buchzug} O-O 12. Be2 Ne5 13. Qc2 b6 14. O-O Bb7 15. Bxe5
dxe5 16. Rad1 c5 17. Ng5 h6 18. Nf3 Rad8 19. Rxd8 Rxd8 20. Rd1 Rxd1+ 21. Qxd1
Qc7 22. Ne1 e4 23. Nc2 Qe7 24. Na3 a6 25. Nc2 Nd7 26. f4 Nf6 27. Na3 g6 28. Nc2
Bc6 29. Bg4 Bb7 30. Bh3 a5 {?!} 31. Na3 Kh8 32. Nb5 Ne8 33. Qd7 Qxd7 34. Bxd7
Nf6 35. Be6 Kg7 36. Nd6 Bc6 37. Kf2 h5 38. Bh3 Be8 39. Kg3 Kh6 40. Kh4 Kg7 41.
g3 Kh6 42. Nc8 b5 43. cxb5 Bxb5 44. Nd6 Be2 45. Be6 Bg4 46. Bc4 Bd7 47. h3 Bc6
48. g4 hxg4 49. hxg4 Kg7 50. g5 Ne8 51. Nxe8+ Bxe8 52. Bd5 Bf7 53. Bxe4 {
?? Lf7 gewinnt leicht} Bxa2 54. Bc2 Be6 {? c4} 55. e4 Bd7 56. Kg3 a4 57. f5 a3
58. f6+ Kf7 59. Bb3+ Be6 60. c4 Ke8 61. Kf4 Kd7 62. Ke5 Bg8 63. Ba2 (63. f7
Bxf7 64. Kf6 Ke8 65. e5 Kf8 66. e6 Be8 67. Ba2 Ba4 68. e7+ Ke8 69. Bb1 Kd7 70.
Kf7 Kd6 71. e8=Q Bxe8+ 72. Kxe8 Ke6 73. Kf8) 63... Bf7 64. Kf4 Be6 65. Bb3 Kd6
66. e5+ Kd7 67. Ke4 Bf7 68. Ba2 Bg8 69. Ke3 Bf7 70. Kd3 Ke6 71. Ke4 Be8 72. Bb1
Bd7 73. Ke3 Be8 74. Kf4 Bf7 75. Ke4 Kd7 76. Ba2 Bg8 77. Kf3 Ke6 78. Kf4 Bf7 79.
Bb3 Kd7 80. Ke4 Ke6 81. Bd1 Kd7 82. Bb3 Ke6 83. Kf4 Kd7 84. e6+ Kxe6 85. Ba2
Kd6 86. Ke4 Be6 87. Kf4 Bf5 88. Ke3 Be6 89. Kf4 Bc8 90. Ke4 Be6 91. Kf4 1/2-1/2

[Event "Aktivschachturnier (30 Sek. pro Zug)"]
[Site "Wuppertal"]
[Date "2007.??.??"]
[Round "?"]
[White "Centurion, Saitek"]
[Black "Amsterdam, Mephisto"]
[Result "1-0"]
[ECO "D20"]
[WhiteElo "1978"]
[BlackElo "1927"]
[Annotator "Jaeger,Thomas"]
[PlyCount "91"]
[EventDate "2007.??.??"]
[TimeControl "120+1"]

{32MB, book.ctg, ANJATHOMAS} 1. d4 d5 2. c4 dxc4 3. e4 e5 {letzter Buchzug} 4.
Bxc4 {letzter Buchzug} exd4 5. Nf3 Nc6 6. O-O Nf6 7. Bb5 Bc5 8. Qc2 Nd7 9. Rd1
Qf6 10. Bg5 Qd6 11. Bxc6 bxc6 12. Nbd2 Ba6 13. Nc4 Bxc4 14. Qxc4 Ne5 15. Nxe5
Qxe5 16. f4 d3+ 17. Kh1 Qd4 18. Rac1 Qxc4 19. Rxc4 h6 {
Weiss steht danach klar besser} 20. Rxc5 hxg5 21. Rxg5 Rd8 22. Rxg7 Rd4 23. Kg1
d2 24. b3 Ke7 25. Rg5 Rhd8 26. Re5+ Kf6 {?! so bleibt der Turm auf e5} 27. Kf2
R8d7 28. g4 R7d6 29. h4 a6 30. h5 Rd7 31. h6 Kg6 32. g5 c5 33. Ke3 Rd3+ 34. Ke2
R3d4 35. Re8 Kh7 36. a3 c6 37. f5 a5 38. a4 c4 39. bxc4 f6 {?! c5!} 40. gxf6
Kxh6 41. Ke3 Rd3+ 42. Kf4 Rh3 43. Rh8+ Rh7 44. Rxh7+ Kxh7 45. Rxd2 Rh1 46. Rd8
1-0

[Event "Aktivschachturnier (30 Sek. pro Zug)"]
[Site "Wuppertal"]
[Date "2007.??.??"]
[Round "?"]
[White "Centurion, Saitek"]
[Black "Super Constellation, Novag"]
[Result "1-0"]
[ECO "C27"]
[WhiteElo "1978"]
[BlackElo "1731"]
[Annotator "Jaeger,Thomas"]
[PlyCount "29"]
[EventDate "2007.??.??"]
[TimeControl "120+1"]

{32MB, book.ctg, ANJATHOMAS} 1. e4 e5 2. Nc3 Nf6 3. Bc4 Nxe4 4. Qh5 Nd6 5. Bb3
{letzter Buchzug} Be7 {letzter Buchzug} 6. Nf3 e4 {?!} 7. Nxe4 O-O 8. Nxd6 Bxd6
{eigentlich ist schon vorbei} 9. O-O (9. Ng5 Qe7+ 10. Kd1 h6 11. Nxf7 Kh7 12.
h4 Qf6 13. Qd5) 9... Be7 10. d3 Nc6 11. Ng5 Bxg5 12. Bxg5 Qe8 13. Rae1 Ne5 14.
f4 d6 15. fxe5 1-0

[Event "Aktivschachturnier (30 Sek. pro Zug)"]
[Site "Wuppertal"]
[Date "2007.??.??"]
[Round "?"]
[White "Super Constellation, Novag"]
[Black "Centurion, Saitek"]
[Result "0-1"]
[ECO "C59"]
[WhiteElo "1731"]
[BlackElo "1978"]
[Annotator "Jaeger,Thomas"]
[PlyCount "72"]
[EventDate "2007.??.??"]
[TimeControl "120+1"]

{32MB, book.ctg, ANJATHOMAS} 1. e4 e5 2. Nf3 Nc6 3. Bc4 Nf6 4. Ng5 d5 5. exd5
Na5 6. Bb5+ c6 7. dxc6 bxc6 8. Be2 h6 {letzter Buchzug} 9. Nh3 Bc5 10. O-O {
letzter Buchzug} Bxh3 11. gxh3 Qd7 12. Kg2 O-O 13. Nc3 Nd5 14. d3 Nxc3 15. bxc3
Rab8 16. c4 Bd4 17. Ba3 c5 18. Rb1 Rxb1 19. Qxb1 Qa4 20. Qc1 e4 21. c3 exd3 22.
Bxd3 Bf6 23. Be4 Rc8 24. Bd5 Nxc4 25. Qf4 Qxa3 26. Qxc4 Qxc3 27. Bxf7+ Kh8 28.
Rb1 Qd2 29. Rb7 {? Tb1 war schon nicht gut} Bd4 30. Qf1 Qf4 31. Rxa7 Rf8 32.
Qe2 Rxf7 33. Rxf7 Qxf7 34. a3 c4 35. Kf1 c3 36. a4 Qf5 0-1

[Event "Aktivschachturnier (30 Sek. pro Zug)"]
[Site "Wuppertal"]
[Date "2007.??.??"]
[Round "?"]
[White "Centurion, Saitek"]
[Black "Kishon Chesster, Fidelity"]
[Result "0-1"]
[ECO "B51"]
[WhiteElo "1978"]
[BlackElo "1781"]
[Annotator "Jaeger,Thomas"]
[PlyCount "140"]
[EventDate "2007.??.??"]
[TimeControl "120+1"]

{32MB, book.ctg, ANJATHOMAS} 1. e4 c5 2. Nf3 d6 3. Bb5+ {letzter Buchzug} Nc6
4. O-O Bd7 {letzter Buchzug} 5. b3 Nf6 6. Nc3 a6 7. Be2 e5 8. Bb2 Be7 9. a4 O-O
10. Re1 Nd4 11. Nxd4 cxd4 12. Nd5 Nxd5 13. exd5 Qa5 14. f4 Bh4 15. g3 Bf6 16.
fxe5 dxe5 17. Bf3 Bf5 18. c4 dxc3 19. dxc3 Qc5+ 20. Kh1 Rfe8 21. c4 Qb6 22. Bg2
e4 23. a5 Qd6 24. Bxf6 Qxf6 25. Qe2 Rad8 26. Rac1 Rd6 27. b4 Qg5 28. Rc3 Bg4
29. Qf2 f5 30. Rce3 Bh5 31. h4 Qf6 32. Qf4 Bf7 33. Bh3 g6 34. Bg2 Kg7 35. R3e2
Rc8 36. Rc1 h6 37. Qe3 Rdd8 38. Rf2 Qe7 39. Qe1 Rd6 40. Re2 Qe5 41. g4 Qf4 42.
gxf5 gxf5 43. Rc3 Rg6 44. Ree3 Re8 45. Rb3 Qd6 {?! Tg8 oder Kh7 sind besser}
46. Re2 Kh7 47. Bh3 Qf4 48. Rc3 {
beide steigen nicht durch - ist aber auch nicht so einfach} Kg7 49. Rce3 Qe5
50. Qf2 Rf6 51. Qg3+ Bg6 52. Qxe5 Rxe5 53. Bg2 f4 54. Rh3 {
?! Te4 mit guten Chancen fur die Qualitat} Re8 55. Rc2 f3 56. h5 Bf7 {
? e3 gewinnt sofort} 57. Rg3+ Kh8 58. Kg1 fxg2 59. Rgxg2 Bxh5 60. Rh2 Bf3 61.
Rh4 e3 62. Rc1 Rg6+ 63. Kh2 e2 64. Re1 Re3 65. Rf4 Rg2+ 66. Kh1 Rg4+ 67. Rxf3
Rxf3 68. Rxe2 Rh3+ 69. Rh2 Rxh2+ 70. Kxh2 Rxc4 0-1

[Event "Aktivschachturnier (30 Sek. pro Zug)"]
[Site "Wuppertal"]
[Date "2007.??.??"]
[Round "?"]
[White "Kishon Chesster, Fidelity"]
[Black "Centurion, Saitek"]
[Result "0-1"]
[ECO "A43"]
[WhiteElo "1781"]
[BlackElo "1978"]
[Annotator "Jaeger,Thomas"]
[PlyCount "160"]
[EventDate "2007.??.??"]
[TimeControl "120+1"]

{32MB, book.ctg, ANJATHOMAS} 1. d4 c5 {letzter Buchzug!?} 2. d5 Nf6 3. Nf3 {
letzter Buchzug} g6 4. Nc3 Bg7 5. e4 Qa5 6. e5 Ne4 7. Qd3 f5 8. Qb5 Qxb5 9.
Bxb5 b6 10. O-O Nxc3 11. bxc3 O-O 12. Bg5 e6 13. Be7 Re8 14. d6 Bb7 15. Bf6 {?!
} Bxf6 16. exf6 Bxf3 17. gxf3 Kf7 18. a4 Kxf6 19. a5 bxa5 20. Rxa5 Ke5 21. Rd1
Rc8 22. Ra4 g5 23. Kf1 a6 24. Ke2 Rg8 25. Ra5 h6 26. Bc4 Rc8 27. h3 Ra7 28. Ke3
f4+ 29. Ke2 Rb7 30. Bxa6 Nxa6 31. Rxa6 Rb2 32. Rd2 Rcb8 33. Ra5 R2b5 34. Ra7
R5b7 35. Ra5 Rc8 36. Ra4 Rc6 37. Rd1 Rb2 38. Rd2 Rcb6 39. Rc4 R2b5 40. Ra4 h5
41. Ra7 Rb7 42. c4 {?!} Rxa7 43. cxb5 Ra5 44. c4 Ra4 45. Kd3 Kxd6 46. Kc3+ Ke5
{?} 47. b6 {warum nicht Td7?} d5 48. Rb2 Ra3+ 49. Kc2 Ra8 50. b7 Rb8 51. Kd3
Kd6 52. Rb6+ Kd7 53. Kd2 d4 54. Kc2 h4 55. Kd3 Kc7 56. Rxe6 Rxb7 57. Re5 Kd6
58. Rxg5 Rb2 59. Rg4 Rxf2 60. Rxf4 Rf1 61. Kd2 Ke5 62. Rxh4 Rxf3 63. Rh6 Rc3
64. Rh5+ Kd6 65. Rh6+ Kd7 66. h4 Rxc4 67. Rh7+ Kc6 68. h5 Rb4 69. Rg7 Rb2+ 70.
Kd3 Rh2 71. Rg6+ Kb5 72. h6 Rh4 73. Ke2 c4 74. Kd1 Rh2 75. Rg5+ Kb4 76. Rg6 d3
77. Rd6 Rh1+ 78. Kd2 c3+ 79. Ke3 c2 80. Rc6 c1=Q+ 0-1

[Event "Aktivschachturnier (30 Sek. pro Zug)"]
[Site "Wuppertal"]
[Date "2007.??.??"]
[Round "?"]
[White "Excel 68000, Fidelity"]
[Black "Centurion, Saitek"]
[Result "0-1"]
[ECO "E47"]
[WhiteElo "1858"]
[BlackElo "1978"]
[Annotator "Jaeger,Thomas"]
[PlyCount "74"]
[EventDate "2007.??.??"]
[TimeControl "120+1"]

{32MB, book.ctg, ANJATHOMAS} 1. d4 e6 2. c4 Nf6 3. Nc3 Bb4 4. e3 c5 5. Bd3 O-O
{letzter Buchzug} 6. Nge2 {letzter Buchzug} cxd4 7. exd4 d5 8. c5 b6 9. Be3 {
?! der Excel spielt oft seltsame Zuge} bxc5 10. dxc5 Nfd7 {will mur den Bauern}
11. a3 Bxc5 12. O-O Bd6 13. Qc2 Qc7 {?!} 14. Bxh7+ Kh8 15. f4 g6 16. Bxg6 fxg6
17. Qxg6 Rf6 18. Qh5+ Kg7 19. Nb5 Qc6 20. Nxd6 {Sed4 gewinnt} Qxd6 21. Bd4 Qc7
{? Sc6!} 22. Qg4+ {Tg3 beide spielen schwach!} Kf8 23. Rac1 Nc6 24. Bxf6 Nxf6
25. Qg6 Ne4 26. Qh6+ Kg8 27. Kh1 {f5!} Qb6 28. Qg6+ Kf8 29. Qh5 (29. f5 Nf2+ (
29... Ke7 30. Qg7+ Kd6 31. Qf8+ Kc7 32. fxe6) 30. Rxf2 Qxf2 31. f6) 29... Ne7
30. Qh8+ Ng8 31. h3 {
? jetzt verliert Excel noch! Er findet nicht einen normalen Zug Sd4} Ba6 32.
Rfe1 Bxe2 33. Qe5 Qe3 34. Rc7 Ngf6 35. Rc3 Qf2 36. Rcc1 Bf3 37. Qxf6+ Nxf6 0-1

[Event "Aktivschachturnier (30 Sek. pro Zug)"]
[Site "Wuppertal"]
[Date "2007.??.??"]
[Round "?"]
[White "Centurion, Saitek"]
[Black "Excel 68000, Fidelity"]
[Result "1-0"]
[ECO "A20"]
[WhiteElo "1978"]
[BlackElo "1858"]
[Annotator "Jaeger,Thomas"]
[PlyCount "61"]
[EventDate "2007.??.??"]
[TimeControl "300+2"]

{32MB, book.ctg, ANJATHOMAS} 1. c4 e5 2. Nf3 {letzter Buchzug} e4 3. Nd4 Nc6 4.
Nxc6 dxc6 {letzter Buchzug} 5. Qc2 Nf6 6. Nc3 Bf5 7. Qb3 Rb8 8. g3 Be6 {?} 9.
Bg2 Bf5 10. O-O Bc5 11. Qa4 Qd6 12. a3 O-O 13. b4 Bd4 14. c5 Qe5 15. Bb2 Nd5
16. Rac1 Ra8 17. Rfe1 a5 18. bxa5 Bxc5 19. Qb3 e3 20. dxe3 Nxc3 21. Bxc3 Qe6
22. Qxb7 Bxa3 23. Ra1 Bc5 24. a6 Qc4 25. Qxc6 Qxc3 26. Rec1 Bc2 27. Ra2 Rad8
28. Raxc2 Rd1+ 29. Bf1 Rxc1 30. Rxc3 Rxc3 31. a7 1-0